 Dungeon Crawl Stone Soup version 0.31-a0-1529-g7bd419a0e5 (webtiles) character file.

Game seed: 3161301299726322227

194 experimilk the Ruffian (level 5, -2/48 HPs)
             Began as a Troll Gladiator on Dec 31, 2023.
             Was a Follower of Wu Jian.
             Slain by a gnoll
             ... wielding a +0 halberd
             ... led by a gnoll bouda
              (10 damage)
             ... on level 4 of the Dungeon.
             The game lasted 00:03:35 (1716 turns).

experimilk the Ruffian (Troll Gladiator)            Turns: 1716, Time: 00:03:36

Health: -2/48      AC:  5    Str: 24    XL:     5   Next: 44%
Magic:  4/4        EV: 10    Int:  4    God:    Wu Jian [*.....]
Gold:   111        SH:  0    Dex: 11    Spells: 4/4 levels left

rFire   . .          .
                       - Unarmed
rCold   . . .        (no shield)
rNeg    . . .        h - +0 robe
rPois   .            b - +0 hat
rElec   .            k - +0 cloak
rCorr   .            (gloves unavailable)
SInv    .            (boots unavailable)
Will    .....        (no amulet)
Stlth   +            (no ring)
HPRegen 1.08/turn    (no ring)
MPRegen 0.09/turn

%: no passive effects
@: no status effects
A: large, unfitting armour, claws 3, regeneration 1, shaggy fur 1, tough skin 1
a: Renounce Religion


You were on level 4 of the Dungeon.
You worshipped Wu Jian.
Wu Jian was aware of your devotion.
You visited 1 branch of the dungeon, and saw 4 of its levels.

You collected 111 gold pieces.

Inventory:

Missiles
 a - a poisoned dart (quivered)
 c - a large rock
 q - 3 throwing nets
 s - 3 curare-tipped darts
Armour
 b - a +0 hat (worn)
 h - a +0 robe (worn)
 k - a +0 cloak (worn)
Jewellery
 g - a ring of ice
 j - an amulet of guardian spirit
 n - an amulet of magic regeneration
Scrolls
 e - 2 scrolls of identify
 r - a scroll of poison {unknown}
 t - a scroll of blinking {unknown}
Potions
 d - a potion of might
 f - a potion of mutation
 m - 2 potions of curing {unknown}
 p - a potion of haste {unknown}


   Skills:
 - Level 1.5 Fighting
 - Level 1.7 Throwing
 - Level 2.4 Dodging
 * Level 6.2 Unarmed Combat


You had 4 spell levels left.
You didn't know any spells.
Your spell library contained the following spells:

 Spells                   Type           Power      Damage    Failure   Level
 Dazzling Flash           Conj/Hex       0%         N/A       86%         3
 Mephitic Cloud           Conj/Alch/Air  0%         N/A       86%         3
 Curse of Agony           Necr           0%         N/A       100%        5
 Silence                  Hex/Air        0%         N/A       100%        5
 Conjure Ball Lightning   Conj/Air       0%         3x3d6     100%        6
 Discord                  Hex            0%         N/A       100%        8
 Disjunction              Tloc           0%         N/A       100%        8


Dungeon Overview and Level Annotations

Branches:
Dungeon (3/15)

Altars:
Wu Jian


Innate Abilities, Weirdness & Mutations

You are too large for most types of armour.
You have claws for hands.
Your natural rate of healing is unusually fast.
You are covered in fur. (AC +1)
You have tough skin. (AC +1)


Message History

Your attacks no longer feel as feeble.
The gnoll bouda barely misses you.
You scratch the gnoll bouda.
The gnoll bouda is severely wounded.
The gnoll bouda hits you with a +0 club!
You barely miss the gnoll bouda.
The gnoll bouda is severely wounded.
The gnoll bouda hits you with a +0 club.
You scratch the gnoll bouda.
The gnoll bouda is severely wounded.
The gnoll bouda hits you with a +0 club!
You barely miss the gnoll bouda.
The gnoll bouda is severely wounded.
The gnoll bouda barely misses you.
You barely miss the gnoll bouda.
The gnoll bouda is severely wounded.
The gnoll bouda hits you with a +0 club!
You completely miss the gnoll bouda.
The gnoll bouda is severely wounded.
The gnoll bouda gazes fiercely through you!
You feel your attacks grow feeble.
The gnoll bouda hits you with a +0 club!
You barely miss the gnoll bouda.
The gnoll bouda is severely wounded.
You scratch the gnoll bouda but do no damage.
The gnoll bouda is severely wounded.
The gnoll bouda barks out a call to the hunt!
The gnoll picks up the pace!
You claw the gnoll bouda!
You kill the gnoll bouda!
The Council accepts your kill.
The gnoll hits you from afar with a +0 halberd!
The gnoll hits you from afar with a +0 halberd!
* * * LOW HITPOINT WARNING * * *
Items here: ( ) [ †.
Your attacks no longer feel as feeble.
The gnoll attacks as it pursues you! The gnoll barely misses you.
Found a club.
The gnoll hits you from afar with a +0 halberd!
You die...

,,#.#
*,,,,,,,,,,,,,,,,,,,*
**#.#
######+####..****,****
#.# #.........#..,,,,,*
###.#
#......)#.#.#******
....# #.......#)#.#
.#### #........)#)#
.######.......g.#.#
......'†......#.#.#
#######.....).#.@.#
......##(####g###.#****
###.......g...#,,...,,*
###........####,*.###,*
###...####.#,,,,,..,*,*
###..........,,,,.#,*,*
###.g(.......#*,,..,*,*
.............#*,*##**,*
.............#*,* *,*


You could see a gnoll (swift).

Vanquished Creatures
  A gnoll bouda (D:4)
  6 gnolls
  2 adders
  3 dart slugs
  An orc (D:3)
  6 ball pythons
  4 endoplasms
  4 giant cockroaches
  9 goblins
  11 hobgoblins
  6 jackals
  5 bats
  2 frilled lizards
  9 kobolds
  8 rats
77 creatures vanquished.

Notes
Turn   | Place    | Note
-------+----------+-------------------------------------------
     0 | D:1      | experimilk the Troll Gladiator began the quest for the Orb.
     0 | D:1      | Reached XP level 1. HP: 19/19 MP: 0/0
   159 | D:1      | Reached XP level 2. HP: 27/27 MP: 1/1
   244 | D:1      | Reached skill level 4 in Unarmed Combat
   322 | D:1      | Reached XP level 3. HP: 33/33 MP: 2/2
   661 | D:2      | Found an ornate altar of the Wu Jian Council.
   675 | D:2      | Became a worshipper of the Wu Jian Council
   905 | D:2      | Reached XP level 4. HP: 41/41 MP: 3/3
   979 | D:2      | Reached skill level 5 in Unarmed Combat
  1373 | D:3      | Reached * piety under Wu Jian
  1489 | D:3      | Reached XP level 5. HP: 48/48 MP: 4/4
  1607 | D:3      | You fall into a shaft and drop 1 floor!
  1695 | D:4      | Reached skill level 6 in Unarmed Combat
  1716 | D:4      | Slain by a gnoll

Illustrated notes

Levels and vault maps discovered:
D:1:      saegor_arrival_under_anarchy, layout_basic
D:2:      layout_basic, basic_altar, minmay_misc_feat_encased
D:3:      layout_basic, serial_glass, glass_columns_b, glass_columns_a,
          glass_columns_a, glass_columns_c, glass_columns_b, glass_columns_a,
          glass_columns_c, glass_columns_c, glass_columns_a, glass_columns_c,
          kennysheep_nub
D:4:      layout_basic, lemuel_round_altar, ebering_ghost_rock_garden,
          serial_shops, shop

Skill      XL: |  1  2  3  4  5 |
---------------+----------------+-----
Unarmed Combat | 4 5 6 |  6.2
Fighting       | |  1.5
Throwing       | |  1.7
Dodging        | |  2.4

Action                     |  1- 3 |  4- 6 || total
---------------------------+-------+-------++-------
  Melee: Unarmed           |    94 |    58 ||   152
         Punch             |     2 |       ||     2
  Throw: Dart              |     4 |     4 ||     8
Ability: Lunge             |     4 |    10 ||    14
         Whirlwind         |       |     1 ||     1
    Use: Scroll            |       |     5 ||     5
   Stab: Sleeping          |     1 |       ||     1
 Armour: Robe              |    44 |    25 ||    69
  Dodge: Dodged            |    38 |    18 ||    56

Table legend: (Time is in decaauts)
 A = Elapsed time spent in this place.
 B = Non-inter-level travel time spent in this place.
 C = Inter-level travel time spent in this place.
 D = Time resting spent in this place.
 E = Time spent auto-exploring this place.
 F = Levels seen in this place.
 G = Mean time per level.
                   A        B        C        D        E       F      G
               +--------+--------+--------+--------+--------+-----+--------+
         Total |   1703 |   1635 |     68 |      5 |   1233 |   4 |  425.8 |
       Dungeon |   1703 |   1635 |     68 |      5 |   1233 |   4 |  425.8 |
               +--------+--------+--------+--------+--------+-----+--------+

Top non-repeatable levels by time:
     D:1: 630 daAuts
     D:2: 510 daAuts
     D:3: 455 daAuts
     D:4: 106 daAuts
